 Dungeon Crawl Stone Soup version 0.22-a0-113-gdd6f4a9 (webtiles) character file.

48661 KristoblXynda the Hand of Fortune (level 14, -1/121 HPs)
             Began as a Red Draconian Gladiator on Jan 26, 2018.
             Was the Champion of Nemelex Xobeh.
             Slain by a skeletal warrior
             ... wielding a +0 halberd
              (22 damage)
             ... on level 12 of the Dungeon on Jan 28, 2018.
             The game lasted 00:43:51 (21059 turns).

KristoblXynda the Hand of Fortune (DrGl)           Turns: 21059, Time: 00:43:52

Health: -1/121     AC: 16    Str: 21    XL:     14   Next: 13%
Magic:  24/24      EV: 18    Int: 15    God:    Nemelex Xobeh [******]
Gold:   1066       SH:  7    Dex: 14    Spells: 18/26 levels left

rFire    + . .     SeeInvis +   s - +11 trident "Ocko" {flame, Int+2}
rCold    . . .     Gourm    +   p - +2 buckler
rNeg     . . .     Faith    .   (armour unavailable)
rPois    .         Spirit   .   l - +1 hat
rElec    .         Reflect  .   g - +0 cloak
rCorr    .         Harm     .   H - +2 pair of gloves
MR       +....                  N - +2 pair of boots {Stlth+}
Stlth    ++++......             z - amulet of the gourmand
HPRegen  0.30/turn              f - ring of see invisible
MPRegen  0.19/turn              P - +5 ring of strength

@: no status effects
A: breathe fire, unfitting armour, fire resistance 1, cold-blooded, AC +8
a: Breathe Fire, Triple Draw, Deal Four, Stack Five, Renounce Religion


You were on level 12 of the Dungeon.
You worshipped Nemelex Xobeh.
Nemelex Xobeh was exalted by your worship.
You were completely stuffed.

You visited 4 branches of the dungeon, and saw 20 of its levels.

You collected 1238 gold pieces.
You spent 172 gold pieces at shops.

Inventory:

Hand Weapons
 s - the +11 trident "Ocko" (weapon) {flame, Int+2}
   (You found it on level 4 of the Dungeon)

   It has been specially enchanted to burn those struck by it, causing extra
   injury to most foes and up to half again as much damage against particularly
   susceptible opponents.
   It affects your intelligence (+2).
Missiles
 b - 6 throwing nets (quivered)
Armour
 g - a +0 cloak (worn)
 l - a +1 hat (worn)
 p - a +2 buckler (worn)
 H - a +2 pair of gloves (worn)
 N - a +2 pair of boots of stealth (worn)
Jewellery
 f - a ring of see invisible (left hand)
 u - an uncursed ring of poison resistance
 z - an amulet of the gourmand (around neck)
 P - a +5 ring of strength (right hand)
Wands
 v - a wand of paralysis (14)
 D - a wand of digging (10)
 K - a wand of scattershot (2)
 R - a wand of acid (12)
Scrolls
 j - 11 scrolls of teleportation
 q - 3 scrolls of amnesia
 A - 8 scrolls of remove curse
 B - 3 scrolls of immolation
 F - a scroll of fog
 J - 3 scrolls of blinking
 T - 3 scrolls of fear
 X - a scroll of holy word
Potions
 a - 3 potions of resistance
 e - 4 potions of lignification
 k - 6 potions of curing
 m - 3 potions of might
 o - 2 potions of cancellation
 t - 4 potions of brilliance
 C - a potion of flight
 G - a potion of invisibility {unknown}
 I - 2 potions of berserk rage
 L - 3 potions of agility
 Q - 4 potions of haste
Miscellaneous
 d - a plain deck of destruction
 h - an ornate deck of destruction
 i - a plain deck of escape
 w - a crystal ball of energy
 E - a plain deck of summoning {drawn: 2}
 U - a plain deck of destruction {drawn: 5}
Comestibles
 c - 38 rations


   Skills:
 - Level 10.0 Fighting
 - Level 7.0 Polearms
 - Level 5.6 Throwing
 - Level 10.0 Dodging
 + Level 5.4 Stealth
 - Level 4.1 Shields
 - Level 7.0 Unarmed Combat
 + Level 6.6 Spellcasting
 + Level 4.0 Conjurations
 + Level 4.1 Translocations
 - Level 10.0 Invocations
 - Level 10.0 Evocations


You had 18 spell levels left.
You knew the following spells:

 Your Spells              Type           Power        Failure   Level  Hunger
a - Force Lance           Conj/Tloc      ###.....     26%         4    ####...
b - Summon Lightning Spi  Summ/Air       #.......     80%         4    ####...


Dungeon Overview and Level Annotations

Branches:
Dungeon (12/15)            Temple (1/1) D:5            Lair (6/6) D:11
  Swamp (0/4) Lair:2        Snake (0/4) Lair:2        Slime (0/5) Lair:6
    Orc (1/2) D:11

Altars:
Ashenzari
Cheibriados
Dithmenos
Elyvilon
Fedhas
Gozag
Hepliaklqana
Kikubaaqudgha
Makhleb
Nemelex Xobeh
Okawaru
Qazlal
Ru
Sif Muna
Trog
Uskayaw
Vehumet
Wu Jian
Xom
Yredelemnul
Zin
The Shining One

Shops:
D:9 [   D:12 %


Innate Abilities, Weirdness & Mutations

You can breathe blasts of fire.
Your fiery red scales are hard. (AC +8)
You cannot fit into any form of body armour.
Your flesh is heat resistant. (rF+)
You are cold-blooded and may be slowed by cold attacks.


Message History

The skeletal warrior barely misses you.
You barely miss the two-headed ogre. You tail-slap the two-headed ogre.
The two-headed ogre is severely wounded.
The two-headed ogre hits you with a giant spiked club!
The two-headed ogre closely misses you.
The skeletal warrior hits you but does no damage.
You barely miss the two-headed ogre.
The two-headed ogre is severely wounded.
You block the two-headed ogre's attack.
The two-headed ogre hits you with a dire flail!
The skeletal warrior completely misses you.
You puncture the two-headed ogre! You burn the two-headed ogre.
Your tail-slap misses the two-headed ogre.
The two-headed ogre is almost dead.
The two-headed ogre hits you with a giant spiked club!!
* * * LOW HITPOINT WARNING * * *
The two-headed ogre completely misses you.
The skeletal warrior hits you from afar with a halberd!!
You die...
Your body glows with a rainbow of weird colours and disappears.

...# #####+#####
#### #.# # ###.# #
##...# # #..### ##
##'####### .#
#........#
.########.######.#
........'.# #@#
.########.# #O# .#
#.# #z# .#
#.####+#.# .#
#........# .#
####...### .# #z##
+# YO ..Y


You could see a skeletal warrior and a two-headed ogre.

Vanquished Creatures
  5 hydras
  A catoblepas (Lair:6)
  Erica (Lair:1)
  The ghost of ThereIsNoGod the Geomancer, a novice FoEE of Makhleb (D:9)
  2 two-headed ogres
  The ghost of wvc the Slicer, a novice DrWn of Cheibriados (D:8)
  A skeletal warrior (D:12)
  A swamp dragon (Lair:5)
  2 ugly things (D:11)
  A wolf spider (Lair:6)
  A salamander (Lair:5)
  9 black mambas
  A guardian serpent (Lair:6)
  A torpor snail (Lair:3)
  13 spiny frogs
  2 rime drakes
  5 komodo dragons
  6 blink frogs
  2 hornets (Lair:6)
  4 dream sheep (Lair:6)
  9 hippogriffs
  5 redbacks
  54 yaks
  2 wraiths
  4 hogs (D:7)
  10 wyverns
  A human (D:7)
  A basilisk (Lair:4)
  6 vampire mosquitoes (Lair:2)
  Menkaure (D:7)
  5 swamp worms (Lair:1)
  A naga (Lair:2)
  21 water moccasins
  11 porcupines
  7 orc warriors
  3 ice beasts
  2 sky beasts
  4 ogres
  A black bear (Lair:5)
  11 wolves
  7 centaurs
  9 crocodiles
  2 big kobolds (D:11)
  13 bullfrogs
  2 wyvern zombies
  A gnoll sergeant (D:6)
  A wyvern skeleton (D:6)
  A water moccasin skeleton (D:9)
  5 scorpions
  4 killer bees (D:8)
  13 wights
  3 howler monkeys (D:12)
  5 crimson imps
  3 electric eels
  2 centaur zombies
  A bullfrog zombie (D:10)
  A gnoll shaman (D:4)
  3 bullfrog skeletons
  3 centaur skeletons
  3 orc priests
  6 hounds
  3 iguanas
  7 orc wizards
  6 worker ants
  A hound skeleton (D:4)
  8 gnolls
  A howler monkey skeleton (D:10)
  7 adders
  2 oozes
  15 worms
  3 adder skeletons (D:4)
  2 dart slugs
  3 leopard geckos
  53 orcs
  3 giant cockroaches
  8 goblins
  15 hobgoblins
  3 jackals (D:5)
  20 kobolds
  10 quokkas
  2 ball pythons (D:3)
  4 bats
  2 frilled lizards
  2 gnoll zombies (D:2)
  A leopard gecko skeleton (D:4)
  6 rats
  3 fungi
  3 plants
500 creatures vanquished.

Vanquished Creatures (collateral kills)
  A hydra (Lair:1)
  A wolf spider (Lair:6)
  A spiny frog (Lair:6)
  2 kobold demonologists (D:11)
  A komodo dragon (Lair:2)
  A redback (Lair:6)
  A yak (D:11)
  A porcupine (Lair:2)
  2 water moccasins (Lair:6)
  A crocodile (Lair:6)
  A big kobold (D:11)
  2 electric eels (Lair:2)
  2 kobolds (D:11)
17 creatures vanquished.

Vanquished Creatures (others)
  A blink frog (Lair:5)
  A dream sheep (Lair:6)
  3 nagas (Lair:2)
  A ball lightning (Lair:6)
  5 bushes
  44 fungi
  34 plants
89 creatures vanquished.

Grand Total: 606 creatures vanquished

Notes
Turn   | Place    | Note
-------+----------+-------------------------------------------
     0 | D:1      | KristoblXynda the Draconian Gladiator began the quest for the Orb.
     0 | D:1      | Reached XP level 1. HP: 17/17 MP: 1/1
   114 | D:1      | Upgraded the game from 0.22-a0-109-gbeb7240 to 0.22-a0-113-gdd6f4a9
   157 | D:1      | Reached XP level 2. HP: 22/24 MP: 2/2
   581 | D:1      | Reached XP level 3. HP: 29/29 MP: 3/3
  1024 | D:2      | Found a sparkling altar of Nemelex Xobeh.
  1025 | D:2      | Found an opulent altar of Gozag.
  1111 | D:2      | Became a worshipper of Nemelex Xobeh the Trickster
  1138 | D:2      | Received a gift from Nemelex Xobeh
  1193 | D:2      | Found a basalt altar of Yredelemnul.
  1498 | D:2      | Found a bloodstained altar of Trog.
  1498 | D:2      | Found a hide-covered altar of Uskayaw.
  1705 | D:3      | Noticed a centaur
  1731 | D:3      | Killed a centaur
  1731 | D:3      | Reached skill level 1 in Shields
  1731 | D:3      | Reached skill level 1 in Invocations
  1731 | D:3      | Reached XP level 4. HP: 19/36 MP: 4/4
  1986 | D:3      | Reached XP level 5. HP: 41/41 MP: 5/5
  2209 | D:3      | Noticed a water elemental
  2212 | D:3      | Found a stormy altar of Qazlal.
  2216 | D:3      | Noticed a fire elemental
  2221 | D:3      | Reached * piety under Nemelex Xobeh
  2221 | D:3      | Noticed an air elemental
  2252 | D:3      | Found a blossoming altar of Fedhas.
  2870 | D:4      | Reached skill level 5 in Unarmed Combat
  2881 | D:4      | HP: 2/41 [centaur skeleton (5)]
  2882 | D:4      | Reached XP level 6. HP: 2/48 MP: 7/7
  3190 | D:4      | Found a deep blue altar of Sif Muna.
  3436 | D:4      | Got a steaming trident
  3437 | D:4      | Identified the +11 trident "Ocko" {flame, Int+2} (You found it on level 4 of the Dungeon)
  3535 | D:4      | Found a shimmering altar of Xom.
  3831 | D:5      | Entered Level 5 of the Dungeon
  4079 | D:5      | Your scales start taking on a fiery red colour.
  4079 | D:5      | Reached XP level 7. HP: 29/55 MP: 9/9
  4079 | D:5      | Gained mutation: Your flesh is heat resistant. (rF+) [Red Draconian growth]
  4171 | D:5      | Reached ** piety under Nemelex Xobeh
  4289 | D:5      | Found a staircase to the Ecumenical Temple.
  4321 | Temple   | Entered the Ecumenical Temple
  4716 | D:5      | Reached skill level 1 in Polearms
  4718 | D:5      | Received a gift from Nemelex Xobeh
  5159 | D:6      | Reached XP level 8. HP: 62/62 MP: 9/11
  5526 | D:6      | Reached skill level 5 in Dodging
  5537 | D:6      | Received a gift from Nemelex Xobeh
  5825 | D:6      | Reached *** piety under Nemelex Xobeh
  6067 | D:6      | Received a gift from Nemelex Xobeh
  6215 | D:7      | Noticed Menkaure
  6219 | D:7      | Killed Menkaure
  6299 | D:7      | Reached skill level 1 in Evocations
  6302 | D:7      | Reached skill level 5 in Invocations
  6611 | D:7      | Reached XP level 9. HP: 64/71 MP: 12/12
  6837 | D:7      | Reached skill level 5 in Polearms
  7416 | D:7      | Found a snail-covered altar of Cheibriados.
  7560 | D:7      | Received a gift from Nemelex Xobeh
  7803 | D:8      | Noticed wvc's ghost (novice DrWn)
  7832 | D:8      | Killed wvc's ghost
  8527 | D:8      | Reached XP level 10. HP: 66/78 MP: 15/15
  8675 | D:9      | Noticed ThereIsNoGod's ghost (novice FoEE)
  8686 | D:9      | Killed ThereIsNoGod's ghost
  8783 | D:9      | Found Syheqyon's Armour Shoppe.
  8807 | D:9      | Bought a +0 pair of boots of stealth for 172 gold pieces
  8860 | D:9      | Reached skill level 5 in Fighting
  8868 | D:9      | Reached skill level 5 in Evocations
  9285 | D:10     | Entered Level 10 of the Dungeon
  9427 | D:10     | Reached **** piety under Nemelex Xobeh
  9727 | D:10     | Noticed a two-headed ogre
  9730 | D:10     | Killed a two-headed ogre
  9985 | D:11     | Received a gift from Nemelex Xobeh
 10154 | D:11     | Noticed a five-headed hydra
 10168 | D:11     | Killed a five-headed hydra
 10168 | D:11     | Reached XP level 11. HP: 91/91 MP: 17/17
 10192 | D:11     | Noticed a red ugly thing
 10215 | D:11     | Killed a red ugly thing
 10323 | D:11     | Noticed a two-headed ogre
 10331 | D:11     | Killed a two-headed ogre
 10904 | D:11     | Received a gift from Nemelex Xobeh
 11090 | D:11     | Noticed a sixfirhy
 11091 | D:11     | Noticed a soul eater
 11330 | D:11     | Found a staircase to the Lair.
 11331 | D:11     | Noticed a brown ugly thing
 11331 | D:11     | Found a staircase to the Orcish Mines.
 11342 | D:11     | Killed a brown ugly thing
 11804 | Lair:1   | Entered Level 1 of the Lair of Beasts
 11847 | Lair:1   | Received a gift from Nemelex Xobeh
 11894 | Lair:1   | Noticed a seven-headed hydra
 12103 | Lair:1   | Reached ***** piety under Nemelex Xobeh
 12132 | Lair:1   | Killed a seven-headed hydra
 12311 | Lair:1   | Noticed Erica
 12331 | Lair:1   | Killed Erica
 12975 | Lair:1   | Reached skill level 10 in Invocations
 12990 | Lair:1   | Reached XP level 12. HP: 73/103 MP: 19/19
 13105 | Lair:1   | Learned a level 4 spell: Force Lance
 13134 | Lair:1   | Received a gift from Nemelex Xobeh
 13172 | Lair:1   | Reached skill level 1 in Stealth
 13462 | Lair:2   | Received a gift from Nemelex Xobeh
 13497 | Lair:2   | Found a staircase to the Snake Pit.
 13550 | Lair:2   | Found a staircase to the Swamp.
 14160 | Lair:2   | Received a gift from Nemelex Xobeh
 14709 | Lair:3   | Reached skill level 10 in Dodging
 14956 | Lair:3   | Reached skill level 10 in Fighting
 14964 | Lair:3   | Reached skill level 1 in Spellcasting
 15469 | Lair:3   | Received a gift from Nemelex Xobeh
 15946 | Lair:4   | Noticed an eight-headed hydra
 15984 | Lair:4   | Reached skill level 5 in Stealth
 16217 | Lair:4   | Killed an eight-headed hydra
 16217 | Lair:4   | Reached XP level 13. HP: 108/113 MP: 20/20
 16296 | Lair:4   | Received a gift from Nemelex Xobeh
 17061 | Lair:5   | Noticed Snorg
 17064 | Lair:5   | Noticed Snorg
 17064 | Lair:5   | Snorg changed into Snorg the spiny frog
 17065 | Lair:5   | Reached skill level 10 in Evocations
 17071 | Lair:5   | Killed Snorg the spiny frog
 17246 | Lair:5   | Received a gift from Nemelex Xobeh
 17248 | Lair:5   | Found a deep blue altar of Sif Muna.
 17373 | Lair:5   | Reached ****** piety under Nemelex Xobeh
 17375 | Lair:5   | Received a gift from Nemelex Xobeh
 17375 | Lair:5   | Received a gift from Nemelex Xobeh
 17733 | Lair:6   | Entered Level 6 of the Lair of Beasts
 17788 | Lair:6   | Reached skill level 5 in Throwing
 17846 | Lair:6   | Reached skill level 5 in Spellcasting
 18269 | Lair:6   | Reached skill level 1 in Translocations
 18271 | Lair:6   | Reached skill level 1 in Conjurations
 19470 | Lair:6   | Reached XP level 14. HP: 93/121 MP: 23/23
 19745 | Lair:6   | Found a staircase to the Slime Pits.
 20058 | Lair:6   | Received a gift from Nemelex Xobeh
 20718 | Orc:1    | Entered Level 1 of the Orcish Mines
 20772 | Lair:1   | Learned a level 4 spell: Summon Lightning Spire
 20957 | D:12     | Found Moyhenuy's Food Boutique.
 21059 | D:12     | Slain by a skeletal warrior

Vault maps used:
D:1:      erik_arrival_cave_to_civilisation
D:2:      grunt_temple_overflow_opulence, gammafunk_temple_overflow_elements,
          lemuel_zombie_altar_yredelemnul
D:3:      cheibrodos_greedy_goblins, fedhas_altar_1,
          nicolae_qazlal_style_of_elements
D:4:      lemuel_doored_altar, bh_chokoban, xom_teletrap_fun
D:5:      minmay_temple_entry_enclosed_plants, first_ration
D:7:      kennysheep_mini, grunt_livestock, uniq_menkaure
D:9:      serial_shops, nicolae_shop_window_shopping
D:11:     lair_entry_dummy, orc_0_dummy
D:12:     serial_shops, shop, kennysheep_generic_room_4
Temple:   eino_temple_water
Lair:1:   worms_lemuel, uniq_erica
Lair:2:   minmay_swamp_entry_swarm, minmay_snake_entry_guardpost_small,
          fungi_pond_lemuel, infiniplex_staircase_pool_2
Lair:3:   st_stairs_3
Lair:5:   basic_altar, lemuel_fruit_tree, infiniplex_staircase_pool, uniq_snorg
Lair:6:   hangedman_lair_tendril_chambers, slime_dummy, serial_bayou_pond_e,
          disabler_island, lemuel_fruit_fields
Orc:1:    basic_altar, elves_outpost_lemuel, uniq_nergalle

Skill      XL: |  1  2  3  4  5  6  7  8  9 10 11 12 13 14 |
---------------+-------------------------------------------+-----
Throwing       | 2 5 |  5.6
Dodging        | 3 4 5 6 7 9 10 | 10.0
Unarmed Combat | 4 5 6 7 |  7.0
Shields        | 1 2 3 4 |  4.1
Invocations    | 1 2 3 4 5 6 8 10 | 10.0
Polearms       | 1 3 6 7 |  7.0
Fighting       | 4 6 8 10 | 10.0
Evocations     | 2 4 6 8 9 10 | 10.0
Stealth        | 5 |  5.4
Spellcasting   | 2 6 |  6.6
Translocations | 3 4 |  4.1
Conjurations   | 3 4 |  4.0

Action                   |  1- 3 |  4- 6 |  7- 9 | 10-12 | 13-15 || total
-------------------------+-------+-------+-------+-------+-------++-------
Melee: Unarmed           |   135 |   179 |       |       |       ||   314
       Tailslap          |    15 |    33 |    30 |   111 |    71 ||   260
       Trident           |       |    35 |   255 |   706 |   402 ||  1398
 Abil: Breathe Fire      |       |       |     1 |     4 |     3 ||     8
Evoke: Wand              |       |       |       |     7 |    16 ||    23
       Deck              |       |       |       |    10 |     6 ||    16
  Use: Potion            |     2 |       |     2 |     1 |     5 ||    10
       Scroll            |       |     6 |     5 |    11 |    11 ||    33
 Stab: Sleeping          |     1 |       |       |    10 |     7 ||    18
       Paralysed         |       |       |       |    12 |       ||    12
       Distracted        |       |       |       |       |     2 ||     2
       Petrifying        |       |       |       |       |     1 ||     1
  Eat: Chunk             |     2 |     5 |    11 |    35 |    16 ||    69
       Ration            |       |     1 |     1 |       |       ||     2
Armor: Skin              |    32 |    35 |    58 |   173 |   163 ||   461
Dodge: Dodged            |    76 |    88 |   106 |   453 |   350 ||  1073
Block: Buckler           |    11 |    45 |    94 |   212 |   146 ||   508

Table legend:
 A = Spawn XP
 B = Non-spawn XP
 C = Spawn XP percentage of total XP
 D = Spawn monster count
 E = Non-spawn monster count
 F = Spawn count percentage of total count
 G = Total turns spent on level
                    A         B        C        D         E        F      G
               +---------+---------+-------+---------+---------+-------+---------
         Total |       0 |   69516 |   0.0 |       0 |     516 |   0.0 | 21059
               +---------+---------+-------+---------+---------+-------+---------
           D:1 |       0 |      41 |   0.0 |       0 |      23 |   0.0 |   755
           D:2 |       0 |      38 |   0.0 |       0 |      11 |   0.0 |   924
           D:3 |       0 |     214 |   0.0 |       0 |      32 |   0.0 |  1142
           D:4 |       0 |     316 |   0.0 |       0 |      20 |   0.0 |  1010
           D:5 |       0 |     729 |   0.0 |       0 |      19 |   0.0 |  1090
           D:6 |       0 |     692 |   0.0 |       0 |      17 |   0.0 |  1045
           D:7 |       0 |    1954 |   0.0 |       0 |      24 |   0.0 |  1537
           D:8 |       0 |    1706 |   0.0 |       0 |      19 |   0.0 |   918
           D:9 |       0 |    2512 |   0.0 |       0 |      25 |   0.0 |   639
          D:10 |       0 |    1650 |   0.0 |       0 |      21 |   0.0 |   700
          D:11 |       0 |    6547 |   0.0 |       0 |      63 |   0.0 |  1890
          D:12 |       0 |    1475 |   0.0 |       0 |      13 |   0.0 |   270
        Lair:1 |       0 |    6727 |   0.0 |       0 |      41 |   0.0 |  1827
        Lair:2 |       0 |    4682 |   0.0 |       0 |      26 |   0.0 |  1181
        Lair:3 |       0 |    7431 |   0.0 |       0 |      34 |   0.0 |  1448
        Lair:4 |       0 |    6043 |   0.0 |       0 |      27 |   0.0 |   974
        Lair:5 |       0 |    4972 |   0.0 |       0 |      20 |   0.0 |   694
        Lair:6 |       0 |   21787 |   0.0 |       0 |      81 |   0.0 |  2788
               +---------+---------+-------+---------+---------+-------+---------
